 Dungeon Crawl Stone Soup version 0.31-a0-217-g58bb5d79cf (webtiles) character file.

Game seed: 2262182000372297388

1451 qw the Cleaver (level 8, -11/51 HPs)
             Began as a Gargoyle Fighter on July 2, 2023.
             Was an Initiate of Okawaru.
             Killed by divine providence
             ... invoked by an orc priest
              (17 damage)
             ... on level 7 of the Dungeon.
             The game lasted 00:02:59 (6557 turns).

qw the Cleaver (Gargoyle Fighter)                   Turns: 6557, Time: 00:02:59

Health: -11/51     AC: 24    Str: 22    XL:     8   Next: 75%
Magic:  8/8        EV:  5    Int:  9    God:    Okawaru [......]
Gold:   382        SH: 11    Dex:  9    Spells: 7/7 levels left

rFire   . . .        Y - +1 war axe (protect)
rCold   . . .        g - +0 tower shield
rNeg    + . .        q - +0 chain mail
rPois   inf          p - +0 helmet
rElec   +            b - +0 cloak
rCorr   .            (no gloves)
SInv    .            (no boots)
Will    .....        (no amulet) Stlth
                     (no ring)
HPRegen 0.28/turn    (no ring)
MPRegen 0.11/turn

%: no passive effects
@: about to teleport, under a protective aura
A: sickness immunity, AC +5, negative energy resistance 1, electricity
resistance, torment resistance 1, petrification resistance
a: Renounce Religion


You were on level 7 of the Dungeon.
You worshipped Okawaru.
Okawaru was noncommittal.
You visited 2 branches of the dungeon, and saw 8 of its levels.

You collected 382 gold pieces.


Innate Abilities, Weirdness & Mutations

You are immune to sickness and miasma.
Your stone body is resilient. (AC +5)
You are immune to poison.
You resist negative energy. (rN+)
You are resistant to electric shocks. (rElec)
You are resistant to unholy torment.
You are immune to petrification.


   Skills:
 - Level 6.1 Fighting
 - Level 8.5 Axes
 - Level 4.0 Armour
 - Level 1.0 Dodging
 + Level 3.3 Shields


You had 7 spell levels left.
You didn't know any spells.
Your spell library was empty.

Inventory:

Hand Weapons
 e - a +0 flail
 Y - a +1 war axe of protection (weapon)
Armour
 b - a +0 cloak (worn)
 g - a +0 tower shield (worn)
 p - a +0 helmet (worn)
 q - a +0 chain mail (worn)
Scrolls
 i - a scroll of identify
Potions
 d - 4 potions of might
 f - a potion of curing
 h - a potion of lignification {unknown}
 k - a potion of mutation {unknown}
 l - a potion of berserk rage {unknown}
 m - a potion of haste
 n - a potion of ambrosia {unknown}
 o - a potion of attraction {unknown}
 r - a potion of magic {unknown}

Dungeon Overview and Level Annotations

Branches:
Dungeon (7/15)             Temple (1/1) D:4

Altars:
Ashenzari
Cheibriados
Elyvilon
Fedhas
Kikubaaqudgha
Makhleb
Okawaru
Qazlal
Ru
Sif Muna
Trog
Uskayaw
Vehumet
Wu Jian
Yredelemnul
The Shining One

Annotations:
D:3 1 runed translucent door, Crazy Yiuf


Message History

You hit the orc.
The orc is lightly wounded.
The orc barely misses you. x2
You slash the orc!
You kill the orc!
Okawaru accepts your kill.
You hit the orc but do no damage. You block the orc's attack.
The orc priest invokes the aid of Beogh against you.
Beogh smites you!
You hit the orc but do no damage. The orc hits you with a +0 hand axe.
You block the orc's attack.
The orc priest mumbles some strange prayers to Beogh against you.
Beogh smites you!
You barely miss the orc. The orc hits you but does no damage.
You hit the orc.
The orc is moderately wounded.
You block the orc's attack.
The orc priest mumbles some strange prayers to Beogh against you.
Beogh smites you! The orc hits you but does no damage.
You closely miss the orc.
The orc is moderately wounded.
You block the orc's attack.
The orc priest calls down the wrath of Beogh upon you.
Beogh smites you!
6555 ||| READING scroll of teleportation.
As you read the scroll of teleportation, it crumbles to dust.
You feel strangely unstable. You block the orc's attack.
You barely miss the orc.
The orc is moderately wounded.
You block the orc's attack.
You hit the orc.
Your weapon exudes an aura of protection.
The orc is heavily wounded.
The orc hits you but does no damage.
The orc priest invokes the aid of Beogh against you.
Beogh smites you!
You die...

###'######
#.#
#####o###.#.#
#............
#.###.###.###
######.#.#.#
.........o#.#
#######.#o#.#
#.#@#.#
#.#.#.#
#.#.#.# #.#.#
#.#.# #.#.#
#.######
#.....<#
########


You could see an orc priest and an orc.

Vanquished Creatures
  Eustachio (D:5)
  A water moccasin (D:5)
  A phantom (D:6)
  2 scorpions (D:6)
  4 wights (D:6)
  5 hounds
  2 jellies
  3 sleepcaps
  An orc priest (D:6)
  3 iguanas
  Ijyb (D:3)
  Terence (D:3)
  2 orc wizards
  11 gnolls
  8 adders
  A shadow imp (D:5)
  A white imp (D:6)
  An ufetubus (D:4)
  2 worms
  A dart slug (D:1)
  9 orcs
  4 bats
  4 endoplasms
  3 giant cockroaches (D:1)
  6 hobgoblins
  7 jackals (D:2)
  5 kobolds
  4 quokkas
  7 ball pythons
  4 frilled lizards
  8 goblins
  3 rats
116 creatures vanquished.

Notes
Turn   | Place    | Note
-------+----------+-------------------------------------------
     0 | D:1      | qw the Gargoyle Fighter began the quest for the Orb.
     0 | D:1      | Reached XP level 1. HP: 14/14 MP: 1/1
     0 | D:1      | 0 ||| qw: Version: 0.3-a-40-ge99b1a8
     0 | D:1      | 0 ||| qw: Game counter: 118
     0 | D:1      | 0 ||| qw: Melee chars always use a shield: true
     0 | D:1      | 0 ||| qw: God list: Okawaru
     0 | D:1      | 0 ||| qw: Allow faded altars: false
     0 | D:1      | 0 ||| qw: Do Orc after clearing Dungeon:15 true
     0 | D:1      | 0 ||| qw: Do second Lair branch before Depths: true
     0 | D:1      | 0 ||| qw: Lair rune preference: random
     0 | D:1      | 0 ||| qw: Goals: Normal, Zot:1-4, Slime:5, God:TSO, Crypt,
                  | Tomb, Abyss, Pan, Hells, Win
     0 | D:1      | 0 ||| PLANNING D:1-11
    39 | D:1      | Reached skill level 2 in Axes
   108 | D:1      | Reached XP level 2. HP: 19/19 MP: 2/2
   615 | D:1      | Reached skill level 3 in Axes
   889 | D:1      | 889 ||| READING scroll labelled IBBIUH QEFE.
   890 | D:1      | 890 ||| READING 2 scrolls labelled GYTWUR OLEIKK.
   891 | D:1      | 891 ||| READING scroll labelled BAB AGIAPSU.
   895 | D:1      | 895 ||| READING scroll labelled SIRRAC FI XEOCK.
   896 | D:1      | 896 ||| DROPPING scroll of fog.
   932 | D:2      | Reached XP level 3. HP: 23/23 MP: 3/3
   980 | D:2      | 980 ||| Stepping ~*~*~tactically~*~*~ (stealth).
   985 | D:2      | 985 ||| Stepping ~*~*~tactically~*~*~ (stealth).
   989 | D:2      | 989 ||| Stepping ~*~*~tactically~*~*~ (stealth).
   993 | D:2      | 993 ||| Stepping ~*~*~tactically~*~*~ (stealth).
  1018 | D:2      | 1018 ||| Stepping ~*~*~tactically~*~*~ (stealth).
  1019 | D:2      | 1019 ||| Stepping ~*~*~tactically~*~*~ (stealth).
  1225 | D:2      | Reached XP level 4. HP: 28/28 MP: 4/4
  1256 | D:2      | Reached skill level 4 in Axes
  1347 | D:2      | 1347 ||| DROPPING +0 club.
  1375 | D:2      | 1375 ||| DROPPING +0 mace.
  1438 | D:2      | 1438 ||| Stepping ~*~*~tactically~*~*~ (stealth).
  1457 | D:2      | Reached XP level 5. HP: 30/32 MP: 5/5
  1833 | D:2      | HP: 8/32 [gnoll/+0 spear (2)]
  1836 | D:2      | Reached skill level 5 in Axes
  2050 | D:2      | 2050 ||| UPGRADING to +0 scale mail of willpower.
  2060 | D:2      | 2060 ||| DROPPING +0 scale mail.
  2061 | D:2      | 2061 ||| READING scroll labelled TEMYTRY SIAKK.
  2222 | D:3      | Noticed Terence
  2235 | D:3      | Killed Terence
  2357 | D:3      | Reached XP level 6. HP: 29/38 MP: 6/6
  2426 | D:3      | 2426 ||| Stepping ~*~*~tactically~*~*~ (hiding).
  2429 | D:3      | 2429 ||| Stepping ~*~*~tactically~*~*~ (hiding).
  2660 | D:3      | Noticed Ijyb
  2678 | D:3      | Killed Ijyb
  2679 | D:3      | Reached skill level 1 in Dodging
  2740 | D:3      | Found a runed translucent door.
  2741 | D:3      | Noticed Crazy Yiuf
  2800 | D:3      | 2800 ||| UPGRADING to +0 cloak.
  2805 | D:3      | 2805 ||| DRINKING 2 inky potions.
  2806 | D:3      | 2806 ||| DROPPING potion of degeneration.
  2963 | D:4      | Found a staircase to the Ecumenical Temple.
  2964 | D:4      | 2964 ||| PLANNING TEMPLE
  2999 | Temple   | Entered the Ecumenical Temple
  3142 | Temple   | 3142 ||| PLANNING D:1-11
  3774 | D:4      | 3774 ||| UPGRADING to +0 chain mail.
  3784 | D:4      | 3784 ||| DROPPING +0 scale mail of willpower.
  3785 | D:4      | 3785 ||| READING scroll labelled ASOHUX ZISCHI.
  3786 | D:4      | 3786 ||| DRINKING 2 glowing red potions.
  3800 | D:5      | Entered Level 5 of the Dungeon
  3801 | D:5      | 3801 ||| STAIRDANCE
  3908 | D:5      | 3908 ||| STAIRDANCE
  3967 | D:5      | 3967 ||| STAIRDANCE
  3976 | D:4      | Reached skill level 6 in Axes
  3976 | D:4      | Reached XP level 7. HP: 31/43 MP: 7/7
  4051 | D:5      | Noticed Eustachio
  4084 | D:5      | Killed Eustachio
  4209 | D:5      | 4209 ||| Stepping ~*~*~tactically~*~*~ (hiding).
  4211 | D:5      | 4211 ||| Stepping ~*~*~tactically~*~*~ (hiding).
  4212 | D:5      | 4212 ||| Stepping ~*~*~tactically~*~*~ (hiding).
  4213 | D:5      | 4213 ||| Stepping ~*~*~tactically~*~*~ (hiding).
  4214 | D:5      | 4214 ||| Stepping ~*~*~tactically~*~*~ (hiding).
  4236 | D:5      | 4236 ||| Stepping ~*~*~tactically~*~*~ (stealth).
  4301 | D:5      | 4301 ||| Stepping ~*~*~tactically~*~*~ (stealth).
  4307 | D:5      | 4307 ||| Stepping ~*~*~tactically~*~*~ (stealth).
  4337 | D:5      | Reached skill level 7 in Axes
  4483 | D:5      | Found a sacrificial altar of Ru.
  4706 | D:5      | Found an ornate altar of the Wu Jian Council.
  4706 | D:5      | Found an iron altar of Okawaru.
  4707 | D:5      | 4707 ||| PLANNING OKAWARU WORSHIP
  4976 | D:5      | 4976 ||| UPGRADING to +0 helmet.
  4981 | D:5      | 4981 ||| READING scroll labelled MEIQUA RU GOWN.
  4982 | D:5      | 4982 ||| DRINKING 2 silvery potions.
  4983 | D:5      | 4983 ||| READING 3 scrolls of identify.
  4983 | D:5      | 4983 ||| IDENTIFYING pink potion
  4984 | D:5      | 4984 ||| READING 2 scrolls of identify.
  4984 | D:5      | 4984 ||| IDENTIFYING viscous ruby potion
  4985 | D:5      | 4985 ||| DROPPING potion of brilliance.
  4986 | D:5      | 4986 ||| DROPPING potion of invisibility.
  5030 | D:5      | Became a worshipper of Warmaster Okawaru
  5031 | D:5      | 5031 ||| PLANNING D:1-11
  5382 | D:6      | 5382 ||| Stepping ~*~*~tactically~*~*~ (stealth).
  5383 | D:6      | 5383 ||| Stepping ~*~*~tactically~*~*~ (stealth).
  5386 | D:6      | 5386 ||| Stepping ~*~*~tactically~*~*~ (hiding).
  5392 | D:6      | Reached XP level 8. HP: 41/49 MP: 8/8
  5505 | D:6      | Reached skill level 8 in Axes
  5954 | D:6      | Reached * piety under Okawaru
  5955 | D:6      | Reached skill level 6 in Fighting
  5959 | D:6      | 5959 ||| INVOKING Heroism.
  5964 | D:6      | HP: 12/51 [wight/+5 scimitar (10)]
  5965 | D:6      | 5965 ||| READING 2 scrolls of teleportation.
  6169 | D:6      | Found a broken altar of Ashenzari.
  6439 | D:6      | 6439 ||| UPGRADING to +0 tower shield.
  6449 | D:6      | 6449 ||| DROPPING +0 buckler.
  6450 | D:6      | 6450 ||| READING scroll labelled ENUMIG DUIRHALL.
  6451 | D:6      | 6451 ||| READING scroll labelled FEUBUO KUTU.
  6529 | D:7      | 6529 ||| FLEEEEING.
  6530 | D:7      | 6530 ||| FLEEEEING.
  6531 | D:7      | 6531 ||| FLEEEEING.
  6532 | D:7      | 6532 ||| FLEEEEING.
  6533 | D:7      | 6533 ||| FLEEEEING.
  6534 | D:7      | 6534 ||| FLEEEEING.
  6535 | D:7      | 6535 ||| FLEEEEING.
  6536 | D:7      | 6536 ||| FLEEEEING.
  6539 | D:7      | 6539 ||| FLEEEEING.
  6554 | D:7      | HP: 5/51 [orc priest/divine providence (15)]
  6555 | D:7      | 6555 ||| READING scroll of teleportation.
  6557 | D:7      | Killed from afar by an orc priest

Levels and vault maps discovered:
D:1:      minmay_arrival_cross, layout_basic, minmay_tripent
D:2:      layout_basic
D:3:      layout_rooms, hangedman_decor_push, uniq_ijyb,
          uniq_crazy_yiuf_cottage, uniq_terence
D:4:      layout_basic, temple_pool_b
D:5:      layout_basic, nicolae_ru_sacrificial_ziggurat,
          mainiacjoe_overflow_divided_tiny, uniq_eustachio
D:6:      layout_cave_pods, ashenzari_conservatory_becter
D:7:      layout_basic, xom_confusion_cloud, uniq_maggie
Temple:   hellmonk_temple_forest_ring

Skill      XL: |  1  2  3  4  5  6  7  8 |
---------------+-------------------------+-----
Axes           | 2 3 4 5 6 7 8 |  8.5
Fighting       | 4 5 6 |  6.1
Dodging        | 1 |  1.0
Armour         | 4 |  4.0
Shields        | |  3.3

Action                     |  1- 3 |  4- 6 |  7- 9 || total
---------------------------+-------+-------+-------++-------
  Melee: War axe           |    99 |   189 |   243 ||   531
 Invoke: Heroism           |       |       |     1 ||     1
    Use: Scroll            |     4 |     2 |     7 ||    13
         Potion            |       |     2 |     1 ||     3
 Armour: Scale mail        |    52 |    78 |       ||   130
         Chain mail        |       |    26 |   189 ||   215
  Dodge: Dodged            |    44 |   111 |    84 ||   239
  Block: Buckler           |    14 |    44 |    40 ||    98
         Tower shield      |       |       |     7 ||     7

Table legend:
 A = Non-vault XP
 B = Vault XP
 C = Vault XP percentage of total XP
 D = Non-vault monster count
 E = Vault monster count
 F = Vault count percentage of total count
                 A         B        C        D         E       F
            +---------+---------+-------+---------+---------+-------
      Total |    1791 |     283 |  13.6 |     111 |       5 |   4.3
            +---------+---------+-------+---------+---------+-------
        D:1 |      30 |       3 |   9.1 |      18 |       2 |  10.0
        D:2 |     208 |       0 |   0.0 |      35 |       0 |   0.0
        D:3 |      60 |      72 |  54.5 |      14 |       2 |  12.5
        D:4 |     289 |       0 |   0.0 |      13 |       0 |   0.0
        D:5 |     260 |     208 |  44.4 |       8 |       1 |  11.1
        D:6 |     938 |       0 |   0.0 |      21 |       0 |   0.0
        D:7 |       6 |       0 |   0.0 |       2 |       0 |   0.0
            +---------+---------+-------+---------+---------+-------
